 Dungeon Crawl Stone Soup version 0.31-a0-844-gdc52ec4e09 (webtiles) character file.

Game seed: 4375989458326722080

241 pokeman the Magician (level 5, -5/29 HPs)
             Began as a Deep Elf Hedge Wizard on Sept 30, 2023.
             Slain by an ogre
             ... wielding a +0 giant club
              (34 damage)
             ... on level 4 of the Dungeon.
             The game lasted 00:08:21 (4114 turns).

pokeman the Magician (Deep Elf Hedge Wizard)        Turns: 4114, Time: 00:08:22

Health: -5/29      AC:  2    Str: 16    XL:     5   Next: 80%
Magic:  16/16      EV: 13    Int: 21    God:
Gold:   137        SH:  0    Dex: 14    Spells: 7/17 levels left

rFire   + . .        h - +1 dagger (venom)
rCold   . . .        (no shield)
rNeg    . . .        s - +0 robe "Gameog" {rF+ Str+3}
rPois   .            c - +0 hat
rElec   .            (no cloak)
rCorr   .            (no gloves)
SInv    .            (no boots)
Will    .....        (no amulet)
Stlth   ++           r - +6 ring of strength
HPRegen 0.24/turn    (no ring)
MPRegen 0.15/turn

%: no passive effects
@: no status effects
A: no striking features
a: no special abilities


You were on level 4 of the Dungeon.
You visited 1 branch of the dungeon, and saw 4 of its levels.

You collected 137 gold pieces.

Inventory:

Hand Weapons
 h - a +1 dagger of venom (weapon)
Armour
 c - a +0 hat (worn)
 s - the +0 robe "Gameog" (worn) {rF+ Str+3}
   (You found it on level 3 of the Dungeon)

   Str+3:     It affects your strength (+3).
   rF+:       It protects you from fire.
Jewellery
 k - a ring of fire
 r - a +6 ring of strength (left hand)
Scrolls
 a - 3 scrolls of teleportation {unknown}
 f - a scroll of torment {unknown}
 g - 3 scrolls of amnesia {unknown}
 j - 3 scrolls of identify {unknown}
 n - a scroll of revelation {unknown}
 o - a scroll of vulnerability {unknown}
 p - a scroll of fear {unknown}
 t - a scroll of enchant weapon {unknown}
Potions
 b - a potion of heal wounds {unknown}
 d - a potion of magic
 e - a potion of lignification {unknown}
 i - a potion of haste {unknown}
 l - 5 potions of curing {unknown}
 m - a potion of brilliance {unknown}
 q - a potion of enlightenment {unknown}
 u - a potion of attraction {unknown}


   Skills:
 + Level 1.0 Fighting
 - Level 1.1 Armour
 - Level 3.0 Dodging
 - Level 3.0 Stealth
 * Level 6.5 Spellcasting
 + Level 2.9 Conjurations
 - Level 1.1 Summonings
 + Level 1.0 Necromancy
 - Level 1.1 Translocations
 + Level 0.6 Air Magic
 - Level 1.1 Poison Magic


You had 7 spell levels left.
You knew the following spells:

 Your Spells              Type           Power      Damage    Failure   Level
a - Magic Dart            Conj           76%        1d6       2%          1
b - Mephitic Cloud        Conj/Pois/Air  13%        N/A       14%         3
c - Call Imp              Summ           22%        N/A       9%          2
d - Blink                 Tloc           22%        N/A       9%          2
e - Cigotuvi's Dreadful   Necr/Pois/Air  20%        N/A       10%         2

Your spell library contained the following spells:

 Spells                   Type           Power      Damage    Failure   Level
 Kiss of Death            Conj/Necr      60%        2d10      4%          1
 Necrotise                Necr           44%        1d6       6%          1
 Summon Small Mammal      Summ           44%        N/A       6%          1
 Freeze                   Ice            24%        1d4       10%         1
 Slow                     Hex            24%        N/A       10%         1
 Hailstorm                Conj/Ice       13%        3d5       16%         3
 Call Canine Familiar     Summ           11%        N/A       19%         3
 Vampiric Draining        Necr           11%        2d6       19%         3
 Summon Guardian Golem    Hex/Summ       9%         N/A       22%         3
 Confusing Touch          Hex            6%         N/A       28%         3
 Frozen Ramparts          Ice            12%        1d2       28%         3
 Dispel Undead            Necr           11%        3d9       52%         4
 Petrify                  Tmut/Erth      6%         N/A       67%         4
 Agony                    Necr           11%        N/A       86%         5
 Metabolic Englaciation   Hex/Ice        3%         N/A       95%         5


Dungeon Overview and Level Annotations

Branches:
Dungeon (4/15)
 Temple: D:4-7

Altars:
Gozag
Makhleb


Message History

Confirm with . or Enter, or press ? or * to list all spells.
Aiming: Magic Dart (safe; 2% risk of failure)
Press: ? - help, Shift-Dir - straight line, f - hobgoblin
Aim: a hobgoblin (asleep, 100% to hit)
The magic dart hits the hobgoblin.
The hobgoblin is severely wounded.
Casting: Magic Dart (safe; 2% risk of failure)
Confirm with . or Enter, or press ? or * to list all spells.
Aiming: Magic Dart (safe; 2% risk of failure)
Press: ? - help, Shift-Dir - straight line, f/p - hobgoblin
Aim: a hobgoblin (severely wounded, 100% to hit)
The magic dart hits the hobgoblin.
You kill the hobgoblin!
Casting: Magic Dart (safe; 2% risk of failure)
Confirm with . or Enter, or press ? or * to list all spells.
You can't see any susceptible monsters within range! (Use Z to cast anyway.) Unknown command. 2 ogres come into view.
Found a war axe.
Casting: Magic Dart (safe; 2% risk of failure)
Confirm with . or Enter, or press ? or * to list all spells.
Aiming: Magic Dart (safe; 2% risk of failure)
Press: ? - help, Shift-Dir - straight line, f - ogre
Aim: an ogre, wielding a +0 giant club (asleep, 100% to hit)
The magic dart hits the ogre.
The ogre is lightly wounded.
The ogre shouts!
Unknown command.
Casting: Magic Dart (safe; 2% risk of failure)
Confirm with . or Enter, or press ? or * to list all spells.
Aiming: Magic Dart (safe; 2% risk of failure)
Press: ? - help, Shift-Dir - straight line, f - ogre
Aim: an ogre, wielding a +0 giant club (asleep, 100% to hit)
The magic dart hits the ogre.
The ogre is lightly wounded.
The ogre shouts!
Unknown command.
The ogre hits you with a +0 giant club!!
Ouch! That really hurt!
You die...

.# .. # #. .... ###. #....##.##
..... ##... .........##
.....##... ##.........#
......#..## #.........>.
..........### ##..........
......#.....# #.....>..#..
...........######## #.##....####
).....#......OO@..###.##.#....##
..... ##..#..####.##....##....##
.##. #.##....#..........##..##
#.##..#..............##...##...
...........#..........###.##...#
.....#.#...##.............#.....
.. #.#.#.##..##############..#
.....##...# #..# ...........#
##..


You could see 2 ogres.

Vanquished Creatures
  A necrophage (D:4)
  A jelly (D:4)
  Terence (D:3)
  A hound skeleton (D:4)
  4 adders
  3 worms
  A dart slug (D:2)
  An orc (D:3)
  8 ball pythons
  7 bats
  7 endoplasms
  A giant cockroach (D:2)
  7 goblins
  5 hobgoblins
  2 jackals (D:2)
  5 kobolds
  3 quokkas
  4 frilled lizards
  4 rats
66 creatures vanquished.

Notes
Turn   | Place    | Note
-------+----------+-------------------------------------------
     0 | D:1      | pokeman the Deep Elf Hedge Wizard began the quest for the
                  | Orb.
     0 | D:1      | Reached XP level 1. HP: 10/10 MP: 7/7
   229 | D:1      | Reached XP level 2. HP: 12/16 MP: 5/9
   894 | D:1      | Found a faded altar of an unknown god.
   947 | D:1      | Reached skill level 5 in Spellcasting
  1136 | D:2      | Reached XP level 3. HP: 20/20 MP: 5/11
  1139 | D:2      | Learned a level 2 spell: Cigotuvi's Dreadful Rot
  1143 | D:2      | Learned a level 3 spell: Mephitic Cloud
  1146 | D:2      | Learned a level 2 spell: Call Imp
  1149 | D:2      | Learned a level 2 spell: Blink
  1898 | D:2      | Reached skill level 1 in Fighting
  2180 | D:2      | Reached skill level 1 in Armour
  2815 | D:3      | Found an opulent altar of Gozag.
  2827 | D:3      | Reached XP level 4. HP: 21/25 MP: 9/13
  3012 | D:3      | Identified the +0 robe "Gameog" {rF+ Str+3}
  3685 | D:3      | Noticed Terence
  3703 | D:3      | Killed Terence
  3840 | D:4      | Reached skill level 6 in Spellcasting
  3840 | D:4      | Reached XP level 5. HP: 29/29 MP: 9/15
  3906 | D:4      | Found a burning altar of Makhleb.
  3968 | D:4      | Reached skill level 1 in Necromancy
  3968 | D:4      | Reached skill level 1 in Poison Magic
  4098 | D:4      | Noticed an ogre
  4098 | D:4      | Noticed an ogre
  4114 | D:4      | Slain by an ogre

Illustrated notes

Levels and vault maps discovered:
D:1:      lemuel_arrival_lava_pool, layout_loops_cross,
          shapermc_ecumenical_altar_flowoftime, serial_forest,
          infiniplex_forest_straight_1, infiniplex_forest_zigzag_2,
          infiniplex_forest_clump_small, infiniplex_forest_end_3,
          infiniplex_forest_clump_double, infiniplex_forest_lined_corner,
          infiniplex_forest_straight_2
D:2:      minmay_skewed_foursquare, layout_basic, serial_curves, eino_curves_04,
          eino_curves_03, eino_curves_03, kennysheep_generic_room_8
D:3:      layout_loops_ring, nicolae_gozag_seed_capital, uniq_terence
D:4:      layout_cave_pools, nicolae_hepliaklqana_hippocampus,
          makhleb_blood_cavern_becter, nemelex_diamond_rough_becter,
          grunt_ministairs_9, serial_bayou_pond_a, nicolae_titane

Skill      XL: |  1  2  3  4  5 |
---------------+----------------+-----
Spellcasting   | 5 6 |  6.5
Fighting       | 1 |  1.0
Conjurations   | 2 |  2.9
Armour         | 1 |  1.1
Dodging        | 3 |  3.0
Stealth        | 3 |  3.0
Necromancy     | 1 |  1.0
Poison Magic   | 1 |  1.1
Summonings     | |  1.1
Translocations | |  1.1
Air Magic      | |  0.6

Action                     |  1- 3 |  4- 6 || total
---------------------------+-------+-------++-------
  Melee: Dagger            |    18 |    16 ||    34
  Throw: Throwing net      |       |     1 ||     1
   Cast: Magic Dart        |    99 |    57 ||   156
         Blink             |    23 |       ||    23
         Mephitic Cloud    |     2 |     1 ||     3
         Call Imp          |       |     1 ||     1
   Stab: Distracted        |       |     1 ||     1
         Confused          |       |     1 ||     1
         Held in net/web   |       |     1 ||     1
 Armour: Robe              |    11 |    14 ||    25
  Dodge: Dodged            |    20 |    18 ||    38

Table legend: (Time is in decaauts)
 A = Elapsed time spent in this place.
 B = Non-inter-level travel time spent in this place.
 C = Inter-level travel time spent in this place.
 D = Time resting spent in this place.
 E = Time spent auto-exploring this place.
 F = Levels seen in this place.
 G = Mean time per level.
                   A        B        C        D        E       F      G
               +--------+--------+--------+--------+--------+-----+--------+
         Total |   4112 |   3953 |    159 |    226 |   3087 |   4 | 1028.0 |
       Dungeon |   4112 |   3953 |    159 |    226 |   3087 |   4 | 1028.0 |
               +--------+--------+--------+--------+--------+-----+--------+

Top non-repeatable levels by time:
     D:1: 1600 daAuts
     D:2: 1156 daAuts
     D:3: 1037 daAuts
     D:4: 318 daAuts
